[Event "13th Chennai Open 2022"]
[Site "Chennai"]
[Date "2022.06.20"]
[Round "3.11"]
[White "Pawar, Harshit"]
[Black "Hari Madhavan N B"]
[Result "1-0"]
[ECO "D23"]
[WhiteElo "1961"]
[BlackElo "2374"]
[Annotator "TA"]
[PlyCount "75"]
[EventDate "2022.06.19"]
[EventType "swiss"]
[EventCountry "IND"]
[SourceTitle "playchess.com"]
[Source "ChessBase"]
[SourceQuality "1"]
[TimeControl "5400+30"]

1. d4 d5 2. c4 c6 3. Nf3 Nf6 4. Qc2 dxc4 5. Qxc4 Bf5 6. g3 e6 7. Bg2 Nbd7 8. O-O Be7 9. Nc3 O-O 10. e3 Qc7 {[%emt 0:11:25] D23: Queen's Gambit Accepted: 3 Nf3 Nf6 sidelines.} 11. Qe2 Bg4 12. h3 {[%emt 0:00:12] [#]} Bxf3 $146 {[%emt 0:00:09] White has an edge.} ({Predecessor:} 12... Bh5 13. g4 Bg6 14. e4 c5 15. d5 exd5 16. e5 Ne4 17. Nxd5 Qd8 18. Nh2 f5 19. gxf5 Rxf5 20. Qxe4 {1-0 (26) Tebelmann,L (2069)-Demir,B (2047) Bayern 2019}) 13. Qxf3 e5 14. dxe5 Nxe5 15. Qf5 Rad8 16. Qc2 h5 17. Bd2 h4 18. g4 Nfxg4 19. hxg4 $16 h3 20. Be4 Nxg4 21. f4 Bc5 {[%emt 0:02:18][%cal Od8d2] White must now prevent ...Rxd2!} 22. Rae1 Qe7 23. Kh1 Qh4 24. Bc1 Rfe8 25. Qe2 Re7 26. Qf3 (26. f5 $1 $16 {Threatens to win with Rf4.} Nf6 27. Rf4) 26... Rde8 $1 $14 27. Re2 {[%emt 0:00:57] And now Rg1 would win.} g6 28. f5 g5 {[%emt 0:04:42] aiming for ...Nf6.} 29. Bd2 {[%emt 0:14:13][%cal Bc1d2,Bd2e1,Be1f2][%mdl 32] Hoping for Be1.} Rxe4 $2 {[%emt 0:00:38] [#]} 30. Be1 $1 $18 (30. Nxe4 {[#]} Rxe4 $1 31. Be1 (31. Qxe4 $2 Nf2+ 32. Rexf2 Qxe4+ 33. Kg1 g4 $19) 31... Ne5 32. Bxh4 Nxf3 33. Rxf3 Rxh4 $11) 30... Nf2+ 31. Bxf2 Qg4 32. Qxg4 Rxg4 33. e4 (33. Kh2 $18 {and the rest is easy.}) 33... Bb4 {[%emt 0:00:11] This move loses the game for Black.} (33... Rf4 $16 {is a better defense.}) 34. Rg1 (34. Bxa7 $6 Bxc3 35. bxc3 Rgxe4 36. Rxe4 Rxe4 $18) 34... Rxg1+ 35. Kxg1 {[%emt 0:00:10] e5 is the strong threat.} g4 $2 (35... Bd6 {was worth a try.} 36. Bd4 (36. Bxa7 Be5 $18) 36... Bc7) 36. Kh2 ({Weaker is} 36. Bxa7 f6 37. Bd4 Kf7 $18) 36... Bd6+ (36... f6 $142 37. Bg3 (37. Bxa7 Bd6+ 38. Kg1 Bf4 $16) 37... Rd8) 37. Bg3 Bb4 38. Bf4 {[%emt 0:00:31] Weighted Error Value: White=0.18 (very precise) /Black=0.45} 1-0

[Event "13th Chennai Open 2022"]
[Site "Chennai"]
[Date "2022.06.20"]
[Round "3.12"]
[White "Gusain, Himal"]
[Black "Apoorv Kamble"]
[Result "1/2-1/2"]
[ECO "D00"]
[WhiteElo "2396"]
[BlackElo "1846"]
[Annotator "TA"]
[PlyCount "100"]
[EventDate "2022.06.19"]
[EventType "swiss"]
[EventCountry "IND"]
[SourceTitle "playchess.com"]
[Source "ChessBase"]
[SourceQuality "1"]
[TimeControl "5400+30"]

1. d4 Nf6 2. Nc3 d5 3. Bf4 Bf5 4. e3 e6 5. Bd3 Bg6 6. h4 {[%emt 0:00:45][%cal Bh2h4,Bh4h5,Bh5h6][%mdl 32] D00: 1 d4 d5: Unusual lines.} Bd6 7. h5 Bxd3 8. Qxd3 Bxf4 9. exf4 {[%emt 0:00:06] [#]} Qd6 $146 ({Predecessor:} 9... O-O 10. Nf3 c5 11. dxc5 Na6 12. O-O-O Rc8 13. h6 g6 14. Ne5 Qe7 15. a3 Qxc5 {1-0 (30) Erigaisi,A (2681)-Sjugirov,S (2696) Chess.com INT 2022}) 10. Nb5 Qb6 (10... Qxf4 $2 11. Ne2 (11. g3 Qe4+ 12. Qxe4 Nxe4 $18) 11... Qe4 12. Qxe4 (12. Nxc7+ Kd7 $18) 12... Nxe4 13. Nxc7+ Ke7 14. Nxa8 $18) 11. h6 g6 12. Nf3 Nbd7 13. Ne5 c5 14. a4 {[%emt 0:00:30] [#] Threatens to win with a5.} a6 15. Nxd7 $1 Nxd7 (15... Kxd7 {keeps more tension.} 16. dxc5 Qa5+ 17. Nc3 Qxc5 18. O-O-O Rac8) 16. dxc5 Qxc5 17. Nd4 Qc4 18. Qd2 Rc8 19. Rh3 O-O 20. Rc3 Qb4 21. Rxc8 Qxd2+ 22. Kxd2 Rxc8 $11 {[%emt 0:00:30][%mdl 4096] Endgame KRN-KRN} 23. b3 b6 24. g4 Kf8 25. Re1 $1 Ke7 26. f5 gxf5 27. gxf5 e5 28. f4 $1 e4 29. Rg1 {[%emt 0:00:30] Prevents Rg8.} Nf6 30. Rg7 Nh5 31. Rg5 Nf6 32. Ne2 Rb8 33. Ke3 b5 34. axb5 axb5 35. b4 Ra8 36. c3 (36. Nd4 $11 {keeps the balance.}) 36... Ra1 $17 37. Nd4 Rh1 38. Nxb5 Rxh6 {[%emt 0:00:30] And now ...Rh3+ would win.} 39. Rg3 {[%emt 0:00:30] Against Rh3} (39. Nd4 $142) 39... Rh4 (39... Rh1 $17 {...h5 is the strong threat.} 40. Nd4 h5 41. Nc6+ Kf8) 40. Rg1 (40. Kd4 $1 $15) 40... Rh3+ $19 41. Kd2 {[%emt 0:00:30] [#]} Rh2+ (41... Nh5 $1 $17 42. Rg4 Rd3+ 43. Kc2 Rf3 44. f6+ Kxf6) 42. Ke3 $11 Rh3+ 43. Kd4 $2 (43. Kd2 $1 $11 {and White has nothing to worry.}) 43... Rd3+ $19 44. Kc5 e3 45. Re1 (45. Kc6 {was forced.}) 45... Ne4+ 46. Kc6 Kf6 47. Nc7 Rxc3+ 48. Kxd5 {[%emt 0:00:30] Black must now prevent Nb5.} Rxc7 (48... Nd2 $19 49. b5 Rxc7 50. Rxe3 Kxf5) 49. Kxe4 $11 Rc4+ 50. Kxe3 Rxb4 {[%emt 0:00:30] Weighted Error Value: White=0.28 (precise) /Black=0.24 (precise)} 1/2-1/2

[Event "13th Chennai Open 2022"]
[Site "Chennai"]
[Date "2022.06.20"]
[Round "3.13"]
[White "Majumder Shrayan"]
[Black "Girinath, P.D.S."]
[Result "1-0"]
[ECO "A85"]
[WhiteElo "1741"]
[BlackElo "2361"]
[Annotator "TA"]
[PlyCount "63"]
[EventDate "2022.06.19"]
[EventType "swiss"]
[EventCountry "IND"]
[SourceTitle "playchess.com"]
[Source "ChessBase"]
[SourceQuality "1"]
[TimeControl "5400+30"]

1. d4 e6 2. c4 f5 3. Nc3 Nf6 4. e3 b6 5. Bd3 Bb7 6. f3 Nh5 {[%emt 0:10:28] A85: Dutch Defence: 2 c4 Nf6 3 Nc3.} 7. Nge2 Qh4+ 8. g3 {[%emt 0:01:37] [#]} Qe7 $146 {[%emt 0:00:10] White is slightly better.} ({Predecessor:} 8... Qh3 9. Kf2 Nf6 10. e4 fxe4 11. Nf4 Qf5 12. g4 Qa5 13. Nxe4 Nxe4+ 14. Bxe4 Bxe4 15. fxe4 {0-1 (56) Suleymanli,A (2091)-Balajayeva,K (2180) Nakhchivan 2016}) 9. O-O g6 10. e4 Nc6 11. g4 (11. Be3 $16) 11... fxg4 12. fxg4 Nf6 ({Black should try} 12... Ng7 $1 $14) 13. Bg5 (13. Nb5 $16 Nxg4 14. Nxc7+ Kd8 15. Nxa8) 13... Bg7 $14 14. Nb5 O-O {[%emt 0:18:36] ...a6 is the strong threat.} 15. e5 $36 {[%emt 0:12:36][%mdl 2048] White has good play.} Nxe5 16. dxe5 Qc5+ 17. Ned4 Qxe5 18. Bf4 Qc5 {[%emt 0:00:17][%cal Of6g4] And now ...Nxg4! would win.} 19. Be3 $1 {[%emt 0:13:27][%cal Od4f5] Black must now prevent Nf5!} ({Avoid the trap} 19. Bxc7 $2 Nd5 $1 20. Rxf8+ Rxf8 $19) 19... Kh8 (19... Qe5 $11 {remains equal.} 20. Bf4 Qc5) 20. Be2 ({White should play} 20. Qe2 $16) 20... e5 $2 {[%emt 0:05:00] [#] Loses the game.} ({Better is} 20... Rad8 $14) 21. Nc2 $1 $18 Qc6 22. Bf3 {[%emt 0:00:06] Against Qg2+} e4 (22... Ne4 $142 23. Qd5 Qxd5 24. cxd5 Nf6) 23. Be2 d5 24. g5 Nh5 25. Ncd4 (25. Qxd5 $142 Bxb2 26. Rad1) 25... Qd7 $2 (25... Rxf1+ 26. Bxf1 (26. Qxf1 Qd7 $16) 26... Qd7) 26. Rxf8+ {[%emt 0:00:16] White is clearly winning.} Rxf8 27. Bg4 {[%emt 0:00:15] Prevents Qh3.} Qe7 28. Ne6 {[%emt 0:00:29] Against Nf4} dxc4 29. Nxf8 Qxf8 30. Bxh5 gxh5 31. Qxh5 {[%emt 0:00:22] g6 would kill now.} Qf3 32. Qe8+ {[%emt 0:00:53] Weighted Error Value: White=0.24 (precise) /Black=0.79} 1-0

[Event "13th Chennai Open 2022"]
[Site "Chennai"]
[Date "2022.06.20"]
[Round "3.14"]
[White "Swayham P Das"]
[Black "Ravichandran, Siddharth"]
[Result "0-1"]
[ECO "B28"]
[WhiteElo "1825"]
[BlackElo "2352"]
[Annotator "TA"]
[PlyCount "58"]
[EventDate "2022.06.19"]
[EventType "swiss"]
[EventCountry "IND"]
[SourceTitle "playchess.com"]
[Source "ChessBase"]
[SourceQuality "1"]
[TimeControl "5400+30"]

1. e4 c5 2. Nf3 a6 3. d4 cxd4 4. Nxd4 Nf6 5. Nc3 e5 6. Nb3 Bb4 7. Qf3 d5 {[%emt 0:07:12] B28: Sicilian: 2 Nf3 a6 (O'Kelly Variation).} 8. exd5 Bg4 9. Qg3 O-O {[%emt 0:15:43] White has an edge.} (9... Qxd5 $2 10. f3 $18) ({Don't play} 9... Bxc3+ 10. bxc3 O-O 11. c4 $16 (11. Qxe5 $2 Re8 $19)) 10. Bd2 Bxc3 {[%emt 0:01:43] [#]} (10... Re8 $11) 11. Qxc3 $146 (11. Bxc3 $14 Qxd5 12. Bd3 (12. f3 Bh5 $11)) ({Predecessor:} 11. Bxc3 Qxd5 12. Bd3 Nc6 13. O-O Nd4 14. h3 Bh5 15. f4 Be2 16. Rf2 exf4 17. Qxf4 Nxb3 18. axb3 Bxd3 {1-0 (49) Moll Pons,J (1768)-Carrasco Gomez,A (1544) Salobrena 2021}) 11... Qxd5 12. f3 Bf5 (12... Rc8 $5 13. Qd3 Be6 $11) 13. Qc5 (13. O-O-O $1 $14) 13... Qd7 {[%emt 0:02:17] Strongly threatening ...Rc8.} 14. c3 ({Reject} 14. Bb4 Rc8 15. Rd1 Qe8 $17) 14... Rc8 15. Qf2 e4 16. Qd4 ({White should try} 16. Be2 $15) 16... Qe6 $36 {[%emt 0:07:31][%mdl 2048] Black is on the roll.} 17. Kf2 ({White should play} 17. fxe4 Bxe4 18. Be2) 17... Nc6 18. Qe3 (18. Qc4 $142) 18... Re8 $19 19. c4 (19. Re1 {might work better.}) 19... Ne5 {[%emt 0:03:11] [#] ...exf3 is the strong threat.} 20. Nd4 (20. h3 exf3 21. gxf3) 20... Qd7 {[%emt 0:00:35] Hoping for ...exf3. Black is clearly winning.} 21. Nxf5 {[%emt 0:01:54] Black must now prevent Qg5.} exf3 22. Qf4 Neg4+ {[%emt 0:01:19] Pair of Knights!} 23. Kxf3 Qc6+ 24. Kg3 Nh5+ 25. Kxg4 Nxf4 26. Bxf4 Qg6+ {[%emt 0:00:14][%mdl 64] [#] Deflection} 27. Kf3 Qxf5 28. h4 {[%emt 0:00:38] Prevents g5.} h5 {[%emt 0:00:42] ( -> ...Qg4+)} 29. g3 Qe4+ {[%emt 0:00:08] Weighted Error Value: White=0.94/Black=0.07 (flawless)} 0-1

[Event "13th Chennai Open 2022"]
[Site "Chennai"]
[Date "2022.06.20"]
[Round "3.15"]
[White "Karthikeyan, P.."]
[Black "Patil Priyanshu"]
[Result "1/2-1/2"]
[ECO "A48"]
[WhiteElo "2361"]
[BlackElo "1796"]
[Annotator "TA"]
[PlyCount "63"]
[EventDate "2022.06.19"]
[EventType "swiss"]
[EventCountry "IND"]
[SourceTitle "playchess.com"]
[Source "ChessBase"]
[SourceQuality "1"]
[TimeControl "5400+30"]

1. Nf3 c5 2. e3 g6 3. d4 Bg7 4. Nbd2 Nf6 5. dxc5 Qa5 6. a3 {[%emt 0:00:40] A48: 1 d4 Nf6 2 Nf3 g6: Torre, London and Colle Systems.} Nc6 7. c4 O-O 8. Be2 Qxc5 9. b4 {[%emt 0:00:17] [#]} Qb6 $146 ({Predecessor:} 9... Qf5 10. Bb2 d6 11. O-O a5 12. e4 Qd7 13. Qb3 Qc7 14. b5 Nd8 15. e5 Nd7 16. exd6 Qxd6 17. Bxg7 Kxg7 {1-0 (51) Palacios de la Prida,E-Bellon Lopez,J Malaga 1972}) 10. c5 Qc7 11. Bb2 d6 12. cxd6 Qxd6 13. b5 Na5 14. Be5 Qe6 15. Bc3 b6 16. Bxa5 bxa5 17. Nd4 Qd7 18. Bf3 Bb7 19. Bc6 Bxc6 20. bxc6 Qd5 21. Qf3 e5 22. Qxd5 Nxd5 23. Nb5 a6 24. Nd6 Rad8 25. N2c4 {[%emt 0:05:32] [#] And now 0-0 would win. Pair of Knights!} Ne7 $1 26. c7 Rd7 27. e4 (27. O-O $11 {remains equal.} Rxc7 28. Rfd1) 27... Rxc7 $17 28. Nxa5 Rd8 29. Rd1 Nc6 30. Nab7 {[%emt 0:02:10] [#]} Rdd7 (30... Rb8 $1 $17 {Hoping for ...Nd4.} 31. Nc5 Ra8) 31. Nc5 $11 Rd8 ({Black should play} 31... Re7 $11 32. Nxa6 Ra7) 32. Ncb7 $1 {[%emt 0:00:25] Weighted Error Value: White=0.12 (very precise) /Black=0.07 (flawless)} 1/2-1/2

[Event "13th Chennai Open 2022"]
[Site "Chennai"]
[Date "2022.06.20"]
[Round "3.16"]
[White "Krishna Raaju J"]
[Black "Abdyjapar, Asyl"]
[Result "0-1"]
[ECO "E63"]
[WhiteElo "1777"]
[BlackElo "2346"]
[Annotator "TA"]
[PlyCount "84"]
[EventDate "2022.06.19"]
[EventType "swiss"]
[EventCountry "IND"]
[SourceTitle "playchess.com"]
[Source "ChessBase"]
[SourceQuality "1"]
[TimeControl "5400+30"]

1. d4 Nf6 2. Nf3 g6 3. g3 Bg7 4. Bg2 O-O 5. O-O d6 6. c4 Nc6 7. Nc3 a6 8. h3 Bd7 9. e4 e5 10. Be3 exd4 11. Nxd4 Re8 12. Qd2 {[%emt 0:03:25] E63: King's Indian: Fianchetto: Panno Variation with 7...a6.} Qc8 13. Kh2 Ne5 14. Qe2 {[%emt 0:03:59] Black is slightly better.} c5 {[%emt 0:02:05] [#]} 15. Nc2 $146 ({Predecessor:} 15. Nb3 Be6 16. Nd5 Bxd5 17. cxd5 b5 18. Nd2 Ned7 19. Rac1 Qb7 20. b3 Rac8 21. f4 {1-0 (46) Kaabi,M (2342)-El Jawich,A (2139) Doha 2011}) 15... b5 16. b3 (16. cxb5 $15 axb5 17. Bg5) 16... bxc4 17. bxc4 {[%emt 0:00:02] [#]} Nfg4+ $1 18. Kh1 Nxe3 {[%emt 0:00:44] Black is more active.} 19. Nxe3 Bxh3 {[%emt 0:00:47] A strong pair of Bishops.} 20. Rad1 Nc6 21. Ncd5 Rb8 {[%emt 0:03:59] Against Nb6} 22. Rb1 Bxg2+ 23. Kxg2 Rxe4 24. Rxb8 (24. Qc2 $17 Re8 25. Rxb8 Nxb8 26. Rb1) 24... Qxb8 $19 25. Qc2 Re8 26. Rb1 {[%emt 0:01:49] [#]} Qc8 27. Qa4 Nd4 28. Nc7 (28. Qd1 {was necessary.}) 28... Rd8 29. Nxa6 (29. Qa5) 29... Qe6 30. Rb8 Qe4+ 31. Kh2 Rxb8 32. Nxb8 Nf3+ 33. Kg2 Ne5+ 34. Kh2 Bh6 35. Nd7 {[%emt 0:01:28] aiming for Nf6+.} Nf3+ 36. Kh3 {[%emt 0:00:41] Hoping for Nf6+.} Kg7 {[%emt 0:00:48] Inhibits Nf6. ( -> ...Ne1)} 37. Ng2 Bg5 (37... Ne1 $142 38. Nh4 Qh1+ 39. Kg4 Bd2 40. f4 h5+ 41. Kg5 Qh3 42. Nf6 Qxg3+ 43. Ng4 Qxg4#) 38. Qb5 Qe6+ (38... Ne1 $142 39. Qb2+ f6) 39. g4 h5 40. Qb2+ Nd4 41. Nb6 Qxg4+ 42. Kh2 Bf6 {[%emt 0:00:14] Weighted Error Value: White=1.23/Black=0.46} 0-1

[Event "13th Chennai Open 2022"]
[Site "Chennai"]
[Date "2022.06.20"]
[Round "3.17"]
[White "Konguvel, Ponnuswamy"]
[Black "Madhavan R Munjanattu"]
[Result "1/2-1/2"]
[ECO "C42"]
[WhiteElo "2331"]
[BlackElo "1779"]
[Annotator "TA"]
[PlyCount "77"]
[EventDate "2022.06.19"]
[EventType "swiss"]
[EventCountry "IND"]
[SourceTitle "playchess.com"]
[Source "ChessBase"]
[SourceQuality "1"]
[TimeControl "5400+30"]

1. e4 e5 2. Nf3 Nf6 3. Nxe5 d6 4. Nf3 Nxe4 5. Nc3 Nxc3 6. dxc3 Bg4 7. h3 {[%emt 0:01:50] C42: Petroff Defence: 3 Nxe5 and unusual White 3rd moves.} (7. Qd5 {feels hotter.} Nc6 8. Bb5 Bd7 9. O-O) 7... Bf5 ({Black should play} 7... Bd7 $14) 8. Be3 ({But not} 8. Bg5 Be7 9. Be3 Nc6 $11) (8. Qd5 $16 Bxc2 9. Qxb7) 8... Nc6 $14 {[%emt 0:04:47] [#]} 9. Bb5 $146 {[%emt 0:07:00] White is slightly better.} ({Predecessor:} 9. Qd2 Qd7 10. O-O-O Be7 11. Be2 O-O-O 12. Rhe1 h5 13. Bb5 a6 14. Bxc6 Qxc6 15. Nd4 {½-½ (23) Szegi,T (2228)-Riabov,A (2075) Slovakia 2012}) 9... a6 10. Ba4 Be7 11. Nd4 Bd7 12. Bxc6 Bxc6 13. Nxc6 bxc6 14. Qf3 Qd7 15. O-O $36 {[%emt 0:00:52][%mdl 2048] White has the initiative.} O-O 16. Rad1 f5 17. c4 {[%emt 0:02:07] White is more active.} Bf6 18. b3 g6 19. Rd3 Qe8 (19... Rae8 $11) 20. Bh6 $16 Bg7 21. Re3 Qd7 22. Bxg7 Kxg7 23. Rfe1 {[%emt 0:00:02] [#] And now Re7+ would win.} Rae8 {[%emt 0:01:05] Against Re7+} 24. h4 Kf7 25. Kf1 Rxe3 $1 26. Qxe3 $11 {[%emt 0:01:18][%mdl 4096] Endgame KQR-KQR} Re8 27. Qa7 {[%emt 0:02:22] [#] Hoping for Rxe8. The position is equal.} Rxe1+ 28. Kxe1 {[%emt 0:00:01] KQ-KQ} Qc8 29. Kd2 c5 30. a3 Ke6 31. b4 cxb4 32. axb4 Kd7 33. Qd4 Qb7 34. Qg7+ Ke6 35. Qg8+ Kf6 36. Qf8+ Ke6 37. Qe8+ Kf6 38. Qh8+ Ke6 39. Qe8+ {[%emt 0:01:52] Weighted Error Value: White=0.12 (very precise) /Black=0.12 (very precise)} 1/2-1/2

[Event "13th Chennai Open 2022"]
[Site "Chennai"]
[Date "2022.06.20"]
[Round "3.18"]
[White "Parekh Vishrut"]
[Black "Aaryan Varshney"]
[Result "1/2-1/2"]
[ECO "E18"]
[WhiteElo "1774"]
[BlackElo "2308"]
[Annotator "TA"]
[PlyCount "91"]
[EventDate "2022.06.19"]
[EventType "swiss"]
[EventCountry "IND"]
[SourceTitle "playchess.com"]
[Source "ChessBase"]
[SourceQuality "1"]
[TimeControl "5400+30"]

1. d4 Nf6 2. c4 e6 3. Nf3 b6 4. g3 Bb7 5. Bg2 Be7 6. O-O O-O 7. d5 d6 8. Nc3 e5 {[%emt 0:00:16] E18: Queen's Indian: Old Main Line (4 g3 Bb7 5 Bg2 Be7 6 0-0 0-0 7 Nc3).} 9. Nh4 g6 10. e4 Ne8 {[%emt 0:01:11] White is slightly better.} 11. Nf3 Nd7 {[%emt 0:01:05] [#]} 12. Bh6 $146 ({Predecessor:} 12. Ne1 Ng7 13. Nd3 f5 14. Bh6 Rf7 15. f3 Nc5 16. Qe2 Bf6 17. Rab1 a5 18. Nxc5 bxc5 {½-½ (25) Luksza,A (2085)-Nogueiras Santiago,J (2521) Montreal 2003}) 12... Ng7 13. Nd2 Bg5 14. Bxg5 Qxg5 15. Qe2 f5 16. exf5 gxf5 17. Rae1 a6 18. f4 Qh6 19. fxe5 dxe5 20. Qe3 (20. g4 {looks sharper.} Kh8 21. gxf5 Rxf5 22. Nde4) 20... Qd6 21. Nf3 Rae8 22. Nh4 e4 {[%emt 0:07:45] [#]} 23. Bh3 $1 Ne5 (23... Re5 $14) 24. Bxf5 Nxc4 25. Qd4 b5 26. Rxe4 {[%emt 0:06:15] Dancing on a razor blade.} Qb6 27. Qxb6 Nxb6 28. Rd4 Rd8 (28... Nxf5 $14 29. Nxf5 Bc8) 29. Rdf4 {[%emt 0:04:00][%cal Of5h7] 0x0.00207b3c2896dp-1022s more active pieces.} Kh8 30. Be6 Rxf4 31. Rxf4 Nxe6 32. dxe6 Re8 33. Rf7 {[%emt 0:01:07] Black must now prevent Nf5.} b4 {[%emt 0:01:13] [#]} 34. Ne2 {[%emt 0:07:21] Hoping for Nf5.} ({Weaker is} 34. Rxc7 bxc3 35. bxc3 (35. Rxb7 $2 c2 $19) 35... Be4 $17) 34... Bd5 35. Rxc7 {[%emt 0:01:47] Strongly threatening Nf4.} (35. Nf4 {feels hotter.} Bxe6 36. Nxe6 Rxe6 37. Rxc7 Re2 38. Rc6) 35... Bxe6 36. Rb7 Bxa2 37. Rxb6 Rxe2 38. Rxb4 $14 {[%emt 0:00:06][%mdl 4096] Endgame KRB-KRN} Bd5 39. Nf5 {[%emt 0:00:54] Rb8+ is the strong threat.} h5 40. Nh4 {[%emt 0:01:21] Against Rg2+} Kh7 41. Rb6 Bc4 42. Ng6 Bb5 {[%emt 0:00:32] The position is equal.} 43. Nf4 Rxb2 44. Nxh5 Rb1+ 45. Kf2 Rb2+ 46. Ke3 {[%emt 0:14:41] Weighted Error Value: White=0.11 (very precise) /Black=0.07 (flawless)} 1/2-1/2

[Event "13th Chennai Open 2022"]
[Site "Chennai"]
[Date "2022.06.21"]
[Round "4.1"]
[White "Savchenko, Boris"]
[Black "Hirthickkesh PR"]
[Result "1-0"]
[ECO "E20"]
[WhiteElo "2524"]
[BlackElo "2232"]
[Annotator "TA"]
[PlyCount "83"]
[EventDate "2022.06.19"]
[EventType "swiss"]
[EventCountry "IND"]
[SourceTitle "playchess.com"]
[Source "ChessBase"]
[SourceQuality "1"]
[TimeControl "5400+30"]

1. d4 Nf6 2. c4 e6 3. Nc3 Bb4 4. g3 O-O 5. Bg2 d6 6. e3 {[%emt 0:10:04] [#] E20: Nimzo-Indian: 4 g3 and 4 f3.} e5 $146 ({Predecessor:} 6... Bxc3+ 7. bxc3 Nbd7 8. Nf3 {½-½ (8) Levin,F (2503)-Maiorov,N (2537) Cesenatico 2015}) 7. Nge2 e4 8. O-O {[%emt 0:00:20] White is slightly better.} Re8 9. Nd5 Nxd5 10. cxd5 Bg4 (10... Ba5 $11 {keeps the balance.}) 11. h3 $1 $16 Bxe2 12. Qxe2 Ba5 13. b4 Bb6 14. Bd2 a5 15. a4 axb4 16. Qb5 $36 {[%emt 0:01:41][%mdl 2048] Strongly threatening a5. White fights for an advantage.} c5 $1 17. dxc6 Nxc6 18. Bxb4 Nxb4 19. Qxb4 d5 20. Rfc1 h5 21. h4 g5 (21... Re7 $14) 22. hxg5 $18 Re6 23. a5 ({White should play} 23. Bh3 $1 $18 Ba5 24. Qxb7) 23... Bxa5 $14 24. Qb5 {[%emt 0:05:30] White is more active.} b6 {[%emt 0:00:11] [#]} (24... Rb6 $14 25. Qe2 Rg6) 25. Rc6 $1 $16 (25. Bh3 Rg6 $14) 25... Rxc6 $2 {[%emt 0:02:30] Black cannot hold the game after this.} (25... Qxg5 $16 26. Rxe6 fxe6) 26. Qxc6 $18 Rc8 27. Qh6 {[%emt 0:00:23] Hoping for Bh3.} Qf8 28. Qxh5 {[%emt 0:00:12] g6 is the strong threat.} Qg7 {[%emt 0:00:20] Against g6} 29. g6 Qxg6 30. Qxd5 Re8 31. Rc1 {[%emt 0:00:34] Black must now prevent Rc6.} Kg7 32. Rc6 Qg4 {[%emt 0:00:07] [#]} 33. Qb3 (33. Bh3 $1 Qxh3 34. Qg5+ Kh7 35. Rf6) 33... Be1 {[%emt 0:00:40] ( -> ...Qe2)} 34. Qb2 {[%emt 0:01:05] Against Qe2} (34. Qxb6 Qe2 35. Rf6 Re6 36. Rxe6 Bxf2+ 37. Kh2 Qg4 $11) 34... Qf5 35. d5+ f6 $2 (35... Qe5 36. Qa2 (36. Rxb6 Ba5 $18) (36. Qxb6 Rb8 $14) 36... Ba5) 36. d6 Re5 37. Rc1 Ba5 38. Rc7+ Kh6 39. Re7 (39. d7 $142 Rd5 40. Qa3 (40. Bxe4 $2 Rd1+ 41. Kg2 Qxe4+ 42. f3 Qe6 $19) 40... Rd1+ 41. Kh2 Rxd7 42. Qf8+ Kg5 43. Qg8+ Qg6 44. Qxg6+ Kxg6 45. Rxd7) 39... Rxe7 40. dxe7 Qe6 41. e8=Q Qxe8 42. Qxf6+ {[%emt 0:00:06] Weighted Error Value: White=0.48/Black=0.44} 1-0

[Event "13th Chennai Open 2022"]
[Site "Chennai"]
[Date "2022.06.21"]
[Round "4.2"]
[White "Ziatdinov, Raset"]
[Black "Stupak, Kirill"]
[Result "0-1"]
[ECO "C15"]
[WhiteElo "2224"]
[BlackElo "2440"]
[Annotator "TA"]
[PlyCount "78"]
[EventDate "2022.06.19"]
[EventType "swiss"]
[EventCountry "IND"]
[SourceTitle "playchess.com"]
[Source "ChessBase"]
[SourceQuality "1"]
[TimeControl "5400+30"]

1. e4 e6 2. d4 d5 3. Nc3 Bb4 4. a3 Bxc3+ 5. bxc3 dxe4 6. Qg4 Nf6 7. Qxg7 Rg8 8. Qh6 Nbd7 9. h3 {[%emt 0:00:00] C15: French: 3 Nc3 Bb4: Unusual White 4th moves.} b6 10. g4 Bb7 {[%emt 0:00:00] [#]} 11. Be3 $146 (11. Ne2 $11 {keeps the balance.}) ({Predecessor:} 11. Bg2 Qe7 12. g5 Qf8 13. Qxf8+ Nxf8 14. h4 h6 15. f4 O-O-O 16. Ne2 Nh5 17. Be3 {1-0 (46) Vorotnikov,V (2475)-Uhlmann,W (2505) Leningrad 1984}) 11... Rg6 (11... Qe7 $17) 12. Qh4 $11 Nd5 13. Qxd8+ Rxd8 14. c4 Nxe3 15. fxe3 c5 16. Ne2 cxd4 17. exd4 Rc8 18. Nf4 Rg5 19. Ng2 f5 {[%emt 0:00:00] Black is more active.} 20. Be2 Ba6 (20... e5 $17 {Strongly threatening ...f4.} 21. dxe5 Nxe5) 21. Nf4 ({White should play} 21. Rf1 $1 $15) 21... Nf8 22. h4 Rg8 $36 {[%emt 0:00:00][%mdl 2048] Black fights for an advantage.} (22... Rg7 $17 23. gxf5 exf5) 23. gxf5 exf5 24. Nd5 {[%emt 0:00:00] [#]} (24. Rf1 $1 $11 {remains equal.}) 24... Nd7 (24... Rg7 $1 $17) 25. Bh5+ (25. Rf1 $11) 25... Kd8 $1 $15 26. c5 ({Avoid the trap} 26. Bf7 $2 Rg7 27. Be6 Bxc4 $19) (26. Be2 $17 {was necessary.}) 26... Bb7 $19 ({Not} 26... bxc5 27. O-O-O) 27. Nf4 (27. Ne3 $142) 27... bxc5 28. O-O-O Ke7 29. Rhf1 Nf6 30. d5 (30. Be2 $142) 30... Nxh5 31. Nxh5 Rcf8 32. Nf4 Rf6 33. c4 $2 {[%emt 0:00:30] [#]} (33. Rg1 Rg4 34. Nh5 Rxg1 35. Rxg1) 33... Kd6 34. Ne6 Rg4 {[%emt 0:00:00] ...Ba6 is the strong threat.} 35. Nf4 h6 36. Rg1 $2 (36. Kd2) 36... Rxg1 $2 (36... Rxf4 37. Kd2 Ba6) 37. Rxg1 Ba6 $4 (37... e3 $19 {avoids the disaster. White must now prevent ...Ke5.} 38. Rg7 Ke5) 38. Rg7 $4 (38. Nh5 $18 Ke5 39. Nxf6 Kxf6 40. d6) 38... Ke5 39. Nh5 Rb6 {[%emt 0:00:00] Weighted Error Value: White=0.70/Black=0.69} 0-1